 Dungeon Crawl Stone Soup version 0.30.0-10-gfe55d96785 (webtiles) character file.

Game seed: 6381747838987009114

9 CaptainMV the Gusty (level 2, -2/20 HPs)
             Began as a Gnoll Wanderer on May 16, 2023.
             Slain by a quokka (4 damage)
             ... on level 1 of the Dungeon.
             The game lasted 00:02:55 (116 turns).

CaptainMV the Gusty (Gnoll Wanderer)                 Turns: 116, Time: 00:02:55

Health: -2/20      AC:  6    Str: 11    XL:     2   Next: 16%
Magic:  1/7        EV: 10    Int: 13    God:
Gold:   0          SH:  0    Dex:  9    Spells: 9/10 levels left

rFire   . . .        a - +0 short sword
rCold   . . .        (no shield)
rNeg    . . .        c - +0 ring mail
rPois   .            (no helmet)
rElec   .            (no cloak)
rCorr   .            (no gloves)
SInv    .            (no boots)
Will    .....        (no amulet) Stlth
                     (no ring)
HPRegen 0.23/turn    (no ring)
MPRegen 0.10/turn

%: no passive effects
@: no status effects
A: fangs 1, strong nose, distributed training
a: no special abilities


You were on level 1 of the Dungeon.
You visited 1 branch of the dungeon, and saw 1 of its levels.

Inventory:

Hand Weapons
 a - a +0 short sword (weapon)
Armour
 c - a +0 ring mail (worn)
Potions
 b - a potion of attraction


   Skills:
 + Level 0.3 Fighting
 + Level 0.3 Short Blades
 + Level 0.3 Long Blades
 + Level 0.3 Axes
 + Level 0.3 Maces & Flails
 + Level 0.3 Polearms
 + Level 0.3 Staves
 + Level 0.3 Ranged Weapons
 + Level 0.3 Throwing
 + Level 4.4 Armour
 + Level 0.3 Dodging
 + Level 0.3 Stealth
 + Level 0.3 Shields
 + Level 0.3 Unarmed Combat
 + Level 4.9 Spellcasting
 + Level 0.2 Conjurations
 + Level 3.7 Hexes
 + Level 0.2 Summonings
 + Level 0.2 Necromancy
 + Level 0.2 Translocations
 + Level 0.2 Transmutations
 + Level 0.2 Fire Magic
 + Level 0.2 Ice Magic
 + Level 7.0 Air Magic
 + Level 0.2 Earth Magic
 + Level 0.2 Poison Magic
 + Level 0.4 Invocations
 + Level 0.3 Evocations


You had 9 spell levels left.
You knew the following spells:

 Your Spells              Type           Power      Damage    Failure   Level
a - Shock                 Conj/Air       48%        1d6       10%         1

Your spell library contained the following spells:

 Spells                   Type           Power      Damage    Failure   Level
 Slow                     Hex            48%        N/A       9%          1
 Airstrike                Air            10%        2d(2-18)  22%         4
 Inner Flame              Hex/Fire       8%         N/A       50%         3
 Summon Lightning Spire   Summ/Air       12%        N/A       67%         4


Dungeon Overview and Level Annotations

Branches:
Dungeon (1/15)

Altars:


Innate Abilities, Weirdness & Mutations

You have very sharp teeth.
Your uncanny sense of smell can sniff out nearby items.
Your experience applies equally to all skills.


Message History

The quokka is severely wounded.
The quokka bites you but does no damage.
The rat completely misses you.
You closely miss the quokka. Your bite misses the quokka.
The quokka is severely wounded.
The quokka bites you but does no damage.
The rat bites you but does no damage. The quokka barely misses you.
You barely miss the quokka.
The quokka is severely wounded.
The rat barely misses you. The quokka bites you.
* * * LOW HITPOINT WARNING * * *
You hit the quokka but do no damage.
The quokka is severely wounded.
The quokka bites you but does no damage.
The rat bites you but does no damage.
You closely miss the quokka.
The quokka is severely wounded.
The quokka bites you.
* * * LOW HITPOINT WARNING * * *
The rat bites you.
* * * LOW HITPOINT WARNING * * *
You closely miss the quokka.
The quokka is severely wounded.
The quokka bites you but does no damage.
The rat barely misses you.
You closely miss the quokka. Your punch misses the quokka.
The quokka is severely wounded.
The quokka bites you.
* * * LOW HITPOINT WARNING * * *
The rat barely misses you.
You hit the quokka but do no damage.
The quokka is severely wounded.
The quokka bites you.
* * * LOW HITPOINT WARNING * * *
The rat misses you.
The quokka bites you but does no damage.
You miss the quokka.
The quokka is severely wounded.
The quokka bites you.
You die...

#####.##.# ......#..# #
###.##.! #.......#.#
.......#
#..#.#..#.###....#.#
........#.............
...###..#..# #.....####
...#.......# #.........
..#.......####......#
#.#.#..#.......@..#
.#.#.#..#...####rr...#
.#[))#...............#
.#...##.###.#..$.......#
......#.# #.#.#####.....
.#.##.#.# #.#.. ....#
##.# .#.# #.# #. ##.#
...# .. #.. .. ∆ .# ####
##.


You could see a quokka and a rat.

Vanquished Creatures
  A dart slug (D:1)
  An endoplasm (D:1)
  2 goblins (D:1)
  A hobgoblin (D:1)
  A giant cockroach (D:1)
  A kobold (D:1)
7 creatures vanquished.

Notes
Turn   | Place    | Note
-------+----------+-------------------------------------------
     0 | D:1      | CaptainMV the Gnoll Wanderer began the quest for the Orb.
     0 | D:1      | CaptainMV set off with the following items: a +0 club, a
                  | potion of attraction, a +0 ring mail; and the following
                  | spells available to memorise: Shock, Slow, Airstrike, Inner
                  | Flame, Summon Lightning Spire.
     0 | D:1      | Reached XP level 1. HP: 13/13 MP: 6/6
     2 | D:1      | Learned a level 1 spell: Shock
    74 | D:1      | Reached XP level 2. HP: 17/19 MP: 1/7
   116 | D:1      | Slain by a quokka

Illustrated notes

Levels and vault maps discovered:
D:1:      psy_arrival_fountain, layout_basic

Action                     || total
---------------------------++-------
  Melee: Short sword       ||    24
   Cast: Shock             ||    12
 Armour: Ring mail         ||    17
  Dodge: Dodged            ||    15
